 Dungeon Crawl Stone Soup version 0.20.1-2-g1830e616b0 (webtiles) character file.

120 Alfie the Shooter (level 5, -1/40 HPs)
             Began as a Human Hunter on Feb 4, 2020.
             Slain by a gnoll
             ... wielding a +0 halberd
              (13 damage)
             ... on level 3 of the Dungeon.
             The game lasted 00:08:06 (1670 turns).

Alfie the Shooter (Human Hunter)                    Turns: 1670, Time: 00:08:07

Health: -1/40      AC:  3    Str: 14    XL:     5   Next: 25%
Magic:  5/5        EV: 12    Int: 11    God:
Gold:   103        SH:  0    Dex: 13    Spells: 4/4 levels left

rFire    . . .     SeeInvis .   u - +3 short sword
rCold    . . .     Gourm    .   (no shield)
rNeg     . . .     Faith    .   c - +0 leather armour
rPois    .         Spirit   .   (no helmet)
rElec    .         Reflect  .   (no cloak)
rCorr    .         Harm     .   (no gloves)
MR       .....                  (no boots)
Stlth    +.........             (no amulet)
Regen    0.2/turn               (no ring)
MPRegen  0.1/turn               (no ring)

@: no status effects
A: no striking features
a: no special abilities


You were on level 3 of the Dungeon.
You were not hungry.

You visited 1 branch of the dungeon, and saw 3 of its levels.

You collected 103 gold pieces.

Inventory:

Hand Weapons
 a - a +1 shortbow
 u - a +3 short sword (weapon)
Missiles
 b - 3 tomahawks
 d - 12 arrows
 q - 5 tomahawks of dispersal (quivered)
Armour
 c - a +0 leather armour (worn)
Jewellery
 k - an uncursed ring of ice
Scrolls
 g - 3 scrolls of remove curse
 n - 2 scrolls of fog {unknown}
 r - 3 scrolls of teleportation {unknown}
 t - a scroll of immolation {unknown}
Potions
 i - a potion of lignification
 j - 6 potions of heal wounds {unknown}
 m - 2 potions of curing {unknown}
 p - a potion of flight {unknown}
 s - a potion of brilliance {unknown}
Comestibles
 f - 3 bread rations
 h - 4 fruits
 l - a royal jelly
 o - a meat ration


   Skills:
 + Level 2.8 Fighting
 + Level 0.4 Short Blades
 + Level 5.5 Bows
 + Level 0.6 Armour
 + Level 2.0 Dodging
 + Level 1.2 Stealth


You had 4 spell levels left.
You didn't know any spells.

Dungeon Overview and Level Annotations

Branches:
Dungeon (3/15)

Altars:


Message History

a giant cockroach corpse; an adder corpse You hit the gnoll.
The gnoll is moderately wounded.
You hit the gnoll.
The gnoll is heavily wounded.
The gnoll hits you but does no damage.
You hit the gnoll.
The gnoll is heavily wounded.
The gnoll barely misses you.
The gnoll hits you from afar with a spear!
* * * LOW HITPOINT WARNING * * *
The gnoll barely misses you.
You hit the gnoll.
The gnoll is severely wounded.
The gnoll closely misses you. x2; The gnoll hits you but does no damage.
You hit the gnoll.
You kill the gnoll!
The gnoll barely misses you.
The gnoll hits you from afar with a halberd!
You die...

..#...## .<.....
##.#.#.#######
............#
###.##..#####.############
....##.(#.....gg@†.......#
#.......#......#########.#
#..........†...# #.#
#.......>......# #.#
#..............# ######.#
#..............# #......#
#..............# #.######
..........###+## #.#
..........# #.#


You could see 2 gnolls.

Vanquished Creatures
  An orc wizard (D:3)
  A gnoll (D:3)
  4 adders
  2 worms
  A leopard gecko (D:3)
  2 orcs (D:3)
  6 giant cockroaches
  10 goblins
  3 hobgoblins
  3 jackals
  A ball python (D:2)
  3 bats
  5 frilled lizards
  3 kobolds (D:1)
  8 rats
53 creatures vanquished.

Notes
Turn   | Place    | Note
-------+----------+-------------------------------------------
     0 | D:1      | Alfie the Human Hunter began the quest for the Orb.
     0 | D:1      | Reached XP level 1. HP: 16/16 MP: 1/1
   179 | D:1      | Reached XP level 2. HP: 12/22 MP: 2/2
   510 | D:2      | Reached XP level 3. HP: 26/27 MP: 3/3
   942 | D:2      | Reached skill level 5 in Bows
  1144 | D:2      | Reached XP level 4. HP: 26/34 MP: 4/4
  1569 | D:3      | Reached XP level 5. HP: 40/40 MP: 5/5
  1670 | D:3      | Slain by a gnoll

Skill      XL: |  1  2  3 |
---------------+----------+-----
Bows           | 5 |  5.5
Fighting       | |  2.8
Short Blades   | |  0.4
Armour         | |  0.6
Dodging        | |  2.0
Stealth        | |  1.2

Action                   |  1- 3 |  4- 6 || total
-------------------------+-------+-------++-------
Melee: Short sword       |       |    27 ||    27
 Fire: Shortbow          |   142 |    38 ||   180
Throw: Tomahawk          |       |     2 ||     2
  Use: Scroll            |     1 |     2 ||     3
       Potion            |     1 |       ||     1
  Eat: Royal jelly       |     1 |       ||     1
Armor: Leather armour    |    20 |    13 ||    33
Dodge: Dodged            |    47 |    27 ||    74
